 Dungeon Crawl Stone Soup version 0.28.0-45-g0d030f2227 (webtiles) character file.

Game seed: 758381049840535113

58 raph the Chopper (level 3, 0/30 HPs)
             Began as a Minotaur Gladiator on May 25, 2022.
             Succumbed to an adder's poison
             ... on level 2 of the Dungeon.
             The game lasted 00:01:30 (1304 turns).

raph the Chopper (Minotaur Gladiator)               Turns: 1304, Time: 00:01:31

Health: 0/30       AC:  3    Str: 18    XL:     3   Next: 75%
Magic:  2/2        EV: 12    Int:  5    God:
Gold:   26         SH:  0    Dex: 13    Spells: 2/2 levels left

rFire   . . .      SeeInvis .   a - +0 war axe
rCold   . . .      Faith    .   (no shield)
rNeg    . . .      Spirit   .   b - +0 leather armour
rPois   .          Reflect  .   c - +0 hat
rElec   .          Harm     .   (no cloak)
rCorr   .          Rampage  .   (no gloves)
Will    .....                   (no boots)
Stlth   +.........              (no amulet)
HPRegen 0.10/turn               f - ring of flight
MPRegen 0.08/turn               (no ring)

@: brilliant, lethally poisoned (0 -> -1), flying, hasted, very quick
A: horns 2, retaliatory headbutt
a: no special abilities


You were on level 2 of the Dungeon.
You visited 1 branch of the dungeon, and saw 2 of its levels.

You collected 26 gold pieces.

Inventory:

Hand Weapons
 a - a +0 war axe (weapon)
 m - a +0 hunting sling
Missiles
 d - 3 throwing nets (quivered)
 e - 9 poisoned darts
 n - 9 stones
Armour
 b - a +0 leather armour (worn)
 c - a +0 hat (worn)
Jewellery
 f - a ring of flight (left hand)
Scrolls
 j - a scroll of magic mapping {unknown}
 k - a scroll of identify {unknown}


   Skills:
 - Level 2.4 Fighting
 + Level 5.7 Axes
 - Level 2.0 Throwing
 - Level 3.2 Dodging


You had 2 spell levels left.
You didn't know any spells.
Your spell library contained the following spells:

 Spells                   Type           Power      Damage    Failure   Level
 Apportation              Tloc           0%         N/A       54%         1
 Call Canine Familiar     Summ           0%         N/A       88%         3
 Portal Projectile        Hex/Tloc       0%         N/A       88%         3
 Leda's Liquefaction      Hex/Erth       0%         N/A       99%         4
 Alistair's Intoxication  Tmut/Pois      0%         N/A       100%        5


Dungeon Overview and Level Annotations

Branches:
Dungeon (2/15)

Altars:

Shops:
D:1 :


Innate Abilities, Weirdness & Mutations

You have a pair of horns on your head.
You reflexively headbutt those who attack you in melee.


Message History

You hit the adder.
You feel very sick. The adder bites you. The adder barely misses you.
You miss the adder.
The adder is lightly wounded.
You feel sick. The adder completely misses you.
You closely miss the adder.
The adder is lightly wounded.
You feel sick.
The adder bites you but does no damage. x2
You hit the adder.
The adder is lightly wounded.
You feel sick. The adder bites you.
You are more poisoned.
The adder poisons you!
An adder is nearby!
You are too injured to fight recklessly!
You hit the adder but do no damage.
The adder is lightly wounded.
You feel sick. The adder bites you. The adder barely misses you.
It was a potion of haste.
You feel yourself speed up.
You feel sick. The adder bites you.
* * * LOW HITPOINT WARNING * * *
You slash the adder!
The adder is almost dead.
You feel sick. The adder bites you.
* * * LOW HITPOINT WARNING * * *
You slash the adder!
You kill the adder!
* * * LOW HITPOINT WARNING * * *
You feel sick.
It was a potion of brilliance.
You feel clever all of a sudden.
* * * LOW HITPOINT WARNING * * *
You feel sick.
As you read the scroll labelled NYMUMUST DEGO, it crumbles to dust.
You feel a surge of unholy energy.
It was a scroll of torment.
As you read the scroll labelled DEANOI XUIN, it crumbles to dust.
The air around you briefly surges with heat, but it dissipates.
It was a scroll of immolation.
You die...

###### .......# .# #.....
>.....##.# ####.##..
........ #........
......# #.##.##<. .....#
#.##....# ....# #.##.##..
#.†.# #........ #@..#
####..... #...# #.....
.#######...#########..#.#
................^.##..#.#
#.....................#..
.........<........##..# #
########...#########..###
#...# #..... #...#
####.####


There were no monsters in sight!

Vanquished Creatures
  3 adders (D:2)
  2 bats (D:1)
  3 endoplasms
  2 giant cockroaches
  4 goblins
  4 hobgoblins (D:1)
  A quokka (D:1)
  5 ball pythons (D:1)
  2 frilled lizards (D:1)
  A kobold (D:1)
  2 rats (D:1)
29 creatures vanquished.

Notes
Turn   | Place    | Note
-------+----------+-------------------------------------------
     0 | D:1      | raph the Minotaur Gladiator began the quest for the Orb.
     0 | D:1      | Reached XP level 1. HP: 18/18 MP: 0/0
    41 | D:1      | Reached skill level 4 in Axes
   138 | D:1      | Found Wecsaq's Book Emporium.
   200 | D:1      | Reached XP level 2. HP: 25/25 MP: 1/1
   861 | D:1      | Reached skill level 5 in Axes
  1054 | D:2      | Reached XP level 3. HP: 14/30 MP: 2/2
  1302 | D:2      | HP: 1/30 [poisoned by an adder]
  1304 | D:2      | Succumbed to an adder's poison

Illustrated notes

Levels and vault maps discovered:
D:1:      ebering_trefoil_twist, layout_basic, serial_shops, shop
D:2:      layout_loops_cross, serial_shops,
          nicolae_shop_temple_entry_statues_fountains, shop,
          nicolae_shop_waterfront, nicolae_lakefront_shop

Skill      XL: |  1  2 |
---------------+-------+-----
Axes           | 4 5 |  5.7
Fighting       | |  2.4
Throwing       | |  2.0
Dodging        | |  3.2

Action                   || total
-------------------------++-------
Melee: War axe           ||    46
       Headbutt          ||     6
       Punch             ||     2
  Use: Scroll            ||     2
       Potion            ||     2
Armor: Leather armour    ||     8
Dodge: Dodged            ||    29
